 Dungeon Crawl Stone Soup version 0.28.0-49-g6dfe1f597d (webtiles) character file.

Game seed: 580118606793538565

308 Zeld the Chopper (level 6, -2/57 HPs)
             Began as a Hill Orc Monk on May 18, 2022.
             Slain by a bullfrog (6 damage)
             ... on level 5 of the Dungeon.
             The game lasted 00:02:53 (4552 turns).

Zeld the Chopper (Hill Orc Monk)                    Turns: 4552, Time: 00:02:54

Health: -2/57      AC:  3    Str: 16    XL:     6   Next: 40%
Magic:  6/6        EV: 12    Int: 10    God:
Gold:   216        SH:  0    Dex: 13    Spells: 5/5 levels left

rFire   . . .      SeeInvis .   a - +4 hand axe
rCold   . . .      Faith    .   (no shield)
rNeg    . . .      Spirit   .   b - +0 robe
rPois   .          Reflect  .   (no helmet)
rElec   .          Harm     .   (no cloak)
rCorr   .          Rampage  .   q - +0 pair of gloves
Will    .....                   (no boots)
Stlth   ++........              (no amulet)
HPRegen 0.19/turn               (no ring)
MPRegen 0.10/turn               (no ring)

@: no status effects
A: no striking features
a: no special abilities


You were on level 5 of the Dungeon.
You visited 2 branches of the dungeon, and saw 7 of its levels.

You collected 216 gold pieces.

Inventory:

Hand Weapons
 a - a +4 hand axe (weapon)
Armour
 b - a +0 robe (worn)
 q - a +0 pair of gloves (worn)
Wands
 k - a wand of acid (10)
 o - a wand of flame (13)
Scrolls
 e - a scroll of magic mapping {unknown}
 g - 2 scrolls of teleportation {unknown}
 l - a scroll of enchant armour {unknown}
 m - 3 scrolls of identify {unknown}
 p - 2 scrolls of blinking {unknown}
 t - a scroll of amnesia {unknown}
 u - a scroll of noise {unknown}
Potions
 c - a potion of flight {unknown}
 d - 2 potions of heal wounds {unknown}
 f - 2 potions of degeneration {unknown}
 h - 2 potions of brilliance {unknown}
 i - 2 potions of attraction {unknown}
 j - a potion of mutation {unknown}
 n - a potion of lignification {unknown}
 r - 2 potions of might {unknown}
 s - a potion of ambrosia {unknown}


   Skills:
 * Level 5.9 Fighting
 * Level 6.6 Axes
 + Level 2.7 Armour
 - Level 2.4 Dodging
 - Level 1.5 Stealth


You had 5 spell levels left.
You didn't know any spells.
Your spell library was empty.

Dungeon Overview and Level Annotations

Branches:
Dungeon (6/15)             Temple (1/1) D:5

Altars:
Cheibriados
Dithmenos
Elyvilon
Makhleb
Nemelex Xobeh
Ru
Trog
Uskayaw
Vehumet
Wu Jian
Xom
Yredelemnul

Shops:
D:1 :   D:3 [

Annotations:
D:5 Ijyb


Message History

There is an open door here.
You open the door.
There is an open door here.
There is an open door here.
There is an open door here.
You open the door.
There is an open door here.
Found 23 sling bullets.
Found a shadowy altar of Dithmenos.
An ogre comes into view. It is wielding a +0 giant club.
The ogre shouts!
The ogre barely misses you.
You closely miss the ogre.
The ogre hits you with a +0 giant club!!
You hit the ogre.
The ogre is lightly wounded.
You slash the ogre!
The ogre is moderately wounded.
The ogre closely misses you.
You barely miss the ogre.
The ogre is moderately wounded.
The ogre misses you.
You hit the ogre.
The ogre is heavily wounded.
The ogre hits you with a +0 giant club!!
* * * LOW HITPOINT WARNING * * *
You are too injured to fight recklessly!
A bullfrog comes into view.
The bullfrog croaks.
The bullfrog completely misses you. The bullfrog closely misses you.
The bullfrog closely misses you. The bullfrog barely misses you.
You open the door. The bullfrog barely misses you.
There is an open door here.
The bullfrog hits you.
* * * LOW HITPOINT WARNING * * *
You miss the bullfrog. The bullfrog hits you!
* * * LOW HITPOINT WARNING * * *
The bullfrog hits you.
You die...

#......#....# #......#....#
#......#.... #......#...# ####
### #......#...###..#######..
#+#......#............<.'.. ...
#(.......#..............#.. ...§#
#........F..............#..
..§§§##........#@.............#..
§.§§§§#..#######...##..##.##..#..
§§§§.....#....##...##..#####+##..
._.......#....##...##..†......#..
...§.§...#.....+..............#..
..§§§§#..##'####..............#..
..§§§##'###...##..............#..
...§###...'....+..............#..
...## #...#...##..#############..


You could see a bullfrog.

Vanquished Creatures
  A crimson imp (D:4)
  A jelly (D:2)
  An iguana (D:5)
  Natasha (thrice) (D:4)
  A hound skeleton (D:4)
  A howler monkey skeleton (D:5)
  5 adders
  A white imp (D:4)
  An adder skeleton (D:4)
  2 worms
  4 dart slugs
  An orc (D:4)
  4 endoplasms
  3 giant cockroaches
  4 goblins
  2 hobgoblins (D:1)
  4 jackals
  5 kobolds
  8 ball pythons
  5 bats
  A frilled lizard (D:1)
  4 rats
62 creatures vanquished.

Notes
Turn   | Place    | Note
-------+----------+-------------------------------------------
     0 | D:1      | Zeld the Hill Orc Monk began the quest for the Orb.
     0 | D:1      | Reached XP level 1. HP: 19/19 MP: 1/1
   164 | D:1      | Reached XP level 2. HP: 20/27 MP: 2/2
   682 | D:2      | Reached skill level 1 in Armour
   682 | D:2      | Reached XP level 3. HP: 28/33 MP: 3/3
   729 | D:3      | Found Ozateups's Armour Boutique.
   948 | D:4      | Reached skill level 5 in Axes
  1176 | D:4      | Reached XP level 4. HP: 41/41 MP: 4/4
  1213 | D:4      | Noticed Natasha
  1221 | D:4      | Killed Natasha
  1293 | D:4      | Reached skill level 5 in Fighting
  1421 | D:4      | Reached XP level 5. HP: 44/48 MP: 5/5
  1490 | D:4      | Noticed Natasha
  1566 | D:3      | Found a basalt altar of Yredelemnul.
  1987 | D:4      | Killed Natasha
  2385 | D:4      | Reached skill level 6 in Axes
  2508 | D:4      | Noticed Natasha
  2517 | D:4      | Killed Natasha
  2518 | D:4      | Reached XP level 6. HP: 44/56 MP: 6/6
  3422 | D:1      | Found Ileido's Book Shop.
  3882 | D:5      | Entered Level 5 of the Dungeon
  3890 | D:5      | Noticed Ijyb
  4264 | D:5      | Found a staircase to the Ecumenical Temple.
  4291 | Temple   | Entered the Ecumenical Temple
  4516 | D:5      | Found a shadowy altar of Dithmenos.
  4552 | D:5      | Slain by a bullfrog

Illustrated notes

Levels and vault maps discovered:
D:1:      scummos_arrival_forest, layout_loops_ring, serial_shops, shop,
          dk_noncrumbling_3
D:2:      layout_basic, supply_closet_lemuel
D:3:      layout_rooms, mainiacjoe_overflow_24_doors, serial_shops, shop
D:4:      layout_basic, minmay_fire_ice_demons, uniq_natasha
D:5:      layout_gridville, kennysheep_little_box,
          nicolae_dithmenos_the_darkroom, tgw_fedhas,
          minmay_temple_entry_drinking_statues, uniq_duvessa, uniq_ijyb
D:6:      layout_rooms, grunt_gozag_statues, led_sif_pool,
          mainiacjoe_overflow_alcove_1, serial_shops, shop_fountains,
          nicolae_inconvenience_store, nicolae_shop_statue_plus,
          nicolae_shop_waterfront, st_stairs_13, serial_bayou_pond_a,
          uniq_crazy_yiuf_cottage
Temple:   eino_wide_crystal_templ

Skill      XL: |  1  2  3  4  5 |
---------------+----------------+-----
Fighting       | 4 5 |  5.9
Armour         | 1 2 |  2.7
Axes           | 5 6 |  6.6
Dodging        | |  2.4
Stealth        | |  1.5

Action                   |  1- 3 |  4- 6 || total
-------------------------+-------+-------++-------
Melee: Hand axe          |    82 |   130 ||   212
 Stab: Sleeping          |     1 |     8 ||     9
Armor: Robe              |    11 |    36 ||    47
Dodge: Dodged            |    53 |    86 ||   139
